 Dungeon Crawl Stone Soup version 0.24-a0-184-gcb5ae2c (webtiles) character file.

Game seed: 13259666100724503230

510 Dfrag the Firebug (level 6, -1/41 HPs)
             Began as a Demonspawn Fire Elementalist on Mar 16, 2019.
             Slain by a slave (10 damage)
             ... led by Pikel
             ... on level 4 of the Dungeon.
             The game lasted 00:07:00 (3433 turns).

Dfrag the Firebug (Demonspawn Fire Elementalist)    Turns: 3433, Time: 00:07:00

Health: -1/41      AC:  4    Str:  8    XL:     6   Next: 98%
Magic:  11/20      EV: 12    Int: 21    God:
Gold:   140        SH:  0    Dex: 13    Spells: 5/13 levels left

rFire    + . .     SeeInvis .   l - +2 flail (crush)
rCold    . . .     Gourm    +   (no shield)
rNeg     . . .     Faith    .   a - +0 robe
rPois    .         Spirit   .   (no helmet)
rElec    .         Reflect  .   (no cloak)
rCorr    +         Harm     .   (no gloves)
MR       .....                  (no boots)
Stlth    ++........             k - amulet of the gourmand
HPRegen  0.13/turn              p - ring of resist corrosion
MPRegen  0.17/turn              q - ring of magical power

@: no status effects
A: claws 1, icy blue scales 1, clever 1, fire resistance 1, low mp 1, MP-powered
wands
a: no special abilities


You were on level 4 of the Dungeon.
You were full.

You visited 1 branch of the dungeon, and saw 4 of its levels.

You collected 140 gold pieces.

Inventory:

Hand Weapons
 b - a +2 short sword of electrocution
 l - a +2 flail of crushing (weapon)
Armour
 a - a +0 robe (worn)
Jewellery
 k - an amulet of the gourmand (around neck)
 p - a ring of resist corrosion (left claw)
 q - a ring of magical power (right claw)
Wands
 d - a wand of disintegration (16)
 n - a wand of clouds (5)
Scrolls
 f - 3 scrolls of remove curse {unknown}
 g - a scroll of amnesia {unknown}
 h - a scroll of immolation {unknown}
 i - 2 scrolls of random uselessness {unknown}
 j - a scroll of noise {unknown}
 m - 8 scrolls of identify {unknown}
Potions
 e - 5 potions of curing
 o - a potion of heal wounds
 r - a potion of might {unknown}
Comestibles
 c - 9 rations


   Skills:
 - Level 1.7 Dodging
 - Level 1.7 Stealth
 + Level 4.3 Spellcasting
 + Level 4.2 Conjurations
 + Level 4.7 Fire Magic


You had 5 spell levels left.
You knew the following spells:

 Your Spells              Type           Power        Failure   Level  Hunger
a - Flame Tongue          Conj/Fire      ###..        1%          1    None
b - Conjure Flame         Conj/Fire      ###.....     5%          3    ##.....
c - Sticky Flame          Conj/Fire      ###.....     19%         4    ####...

Your spell library contained the following spells:

 Spells                   Type           Power        Failure   Level  Hunger
 Magic Dart               Conj           ###.         1%          1    None
 Throw Flame              Conj/Fire      ###...       2%          2    #......
 Confusing Touch          Hex            #.....       12%         1    None
 Inner Flame              Hex/Fire       ##......     13%         3    ##.....
 Blink                    Tloc           N/A          19%         2    #......
 Call Imp                 Summ           #.......     19%         2    #......
 Slow                     Hex            #.......     19%         2    #......
 Mephitic Cloud           Conj/Pois/Air  ##......     21%         3    ##.....
 Confuse                  Hex            #.......     34%         3    ##.....
 Gell's Gravitas          Tloc           #.........   34%         3    ##.....
 Fireball                 Conj/Fire      ###.......   45%         5    ######.
 Petrify                  Tmut/Erth      #.......     75%         4    ####...
 Metabolic Englaciation   Hex/Ice        #.........   97%         5    ######.
 Yara's Violent Unravell  Hex/Tmut       #.........   97%         5    ######.


Dungeon Overview and Level Annotations

Branches:
Dungeon (4/15)
 Temple: D:4-7

Altars:

Annotations:
D:4 Pikel


Innate Abilities, Weirdness & Mutations

You have sharp fingernails.
You are partially covered in icy blue scales. (AC +2)
Your mind is acute. (Int +2)
Your flesh is heat resistant. (rF+)
Your magical capacity is low. (-10% MP)
You expend magic power (3 MP) to strengthen your wands.


Message History

The slave is engulfed in noxious fumes.
The slave appears confused.
The slave closely misses you.
The slave is engulfed in noxious fumes.
The slave appears confused.
Unknown command.
Unknown command.
Unknown command.
You are too injured to fight recklessly!
You are too injured to fight recklessly!
Unknown command.
Unknown command.
You catch the helpless slave completely off-guard!
You sock the slave!
The slave is moderately wounded.
The slave is engulfed in noxious fumes.
The slave appears confused.
The slave is engulfed in noxious fumes.
The slave appears confused.
The slave hits you.
* * * LOW HITPOINT WARNING * * *
The slave is engulfed in noxious fumes.
The slave appears confused.
The slave hits you!
You die...

#..# #.# #.##
#.# ###.# ###
#...## ####
.....## ###§.#
.###..#####K§p.#
##
##..#.pp##p§##
##...p#####p##
##....# ##@# ..#
#.....# ###
...##.....#
#.........#
##........#
##.......##
##.......###
##........#####
#............#


You could see Pikel and 3 slaves.

Vanquished Creatures
  Blork the orc (D:4)
  A bullfrog (D:4)
  An orc wizard (D:4)
  An orc priest (D:4)
  2 hounds
  A worker ant (D:4)
  Terence (D:2)
  2 gnolls (D:1)
  8 adders
  6 worms
  3 dart slugs
  3 leopard geckos (D:1)
  7 orcs
  11 bats
  A giant cockroach (D:4)
  11 goblins
  7 hobgoblins
  2 jackals (D:1)
  3 quokkas
  2 ball pythons (D:3)
  3 frilled lizards
  11 kobolds
  8 rats
96 creatures vanquished.

Notes
Turn   | Place    | Note
-------+----------+-------------------------------------------
     0 | D:1      | Dfrag the Demonspawn Fire Elementalist began the quest for
                  | the Orb.
     0 | D:1      | Reached XP level 1. HP: 13/13 MP: 3/3
    93 | D:1      | Gained mutation: You are partially covered in icy blue
                  | scales. (AC +2) [demonic ancestry]
    93 | D:1      | Reached XP level 2. HP: 17/19 MP: 5/5
   209 | D:1      | Reached XP level 3. HP: 5/24 MP: 0/6
  1038 | D:2      | Noticed Terence
  1091 | D:2      | Killed Terence
  1091 | D:2      | Reached XP level 4. HP: 12/30 MP: 8/8
  1154 | D:2      | Learned a level 3 spell: Conjure Flame
  1159 | D:2      | Learned a level 4 spell: Sticky Flame
  1210 | D:2      | Gained mutation: Your mind is acute. (Int +2) [potion of
                  | mutation]
  1210 | D:2      | Gained mutation: Your magical capacity is low. (-10% MP)
                  | [potion of mutation]
  1210 | D:2      | Gained mutation: You expend magic power (3 MP) to
                  | strengthen your wands. [potion of mutation]
  1210 | D:2      | Gained mutation: Your flesh is heat resistant. (rF+)
                  | [potion of mutation]
  1214 | D:2      | Reached XP level 5. HP: 10/35 MP: 1/8
  2706 | D:4      | Noticed Blork the orc
  2718 | D:4      | Killed Blork the orc
  2718 | D:4      | Gained mutation: You have sharp fingernails. [demonic
                  | ancestry]
  2718 | D:4      | Reached XP level 6. HP: 21/41 MP: 3/10
  3394 | D:4      | Noticed a slave
  3395 | D:4      | Noticed a slave
  3396 | D:4      | Noticed Pikel
  3397 | D:4      | Noticed a slave
  3397 | D:4      | Noticed a slave
  3433 | D:4      | Slain by a slave

Levels and vault maps discovered:
D:1:      scummos_arrival_checkerplants, layout_basic, minmay_crystal_room,
          minmay_fountain_box
D:2:      layout_loops_cross, kennysheep_generic_room_12, uniq_terence
D:3:      minmay_diamond_boxcup, layout_rooms, first_ration,
          minmay_misc_feat_tower, lemuel_another_geyser
D:4:      layout_layer_cave, minmay_small_thing, uniq_pikel, uniq_blork_the_orc,
          uniq_edmund

Skill      XL: |  1  2  3  4  5  6 |
---------------+-------------------+-----
Fire Magic     | 3 4 |  4.7
Conjurations   | 2 3 4 |  4.2
Spellcasting   | 3 4 |  4.3
Dodging        | |  1.7
Stealth        | |  1.7

Action                   |  1- 3 |  4- 6 || total
-------------------------+-------+-------++-------
Melee: Short sword       |    26 |    36 ||    62
       Flail             |       |    36 ||    36
 Cast: Flame Tongue      |    50 |   101 ||   151
       Sticky Flame      |       |     6 ||     6
       Conjure Flame     |       |     1 ||     1
Evoke: Wand              |       |     1 ||     1
  Use: Potion            |     1 |     2 ||     3
 Stab: Confused          |       |     1 ||     1
  Eat: Chunk             |     1 |    14 ||    15
Armor: Robe              |     9 |    38 ||    47
Dodge: Dodged            |    26 |    81 ||   107

Table legend:
 A = Non-vault XP
 B = Vault XP
 C = Vault XP percentage of total XP
 D = Non-vault monster count
 E = Vault monster count
 F = Vault count percentage of total count
                 A         B        C        D         E       F
            +---------+---------+-------+---------+---------+-------
      Total |     579 |     150 |  20.6 |      86 |      10 |  10.4
            +---------+---------+-------+---------+---------+-------
        D:1 |      82 |       0 |   0.0 |      31 |       0 |   0.0
        D:2 |     105 |      37 |  26.1 |      17 |       2 |  10.5
        D:3 |     109 |      14 |  11.4 |      28 |       7 |  20.0
        D:4 |     283 |      99 |  25.9 |      10 |       1 |   9.1
            +---------+---------+-------+---------+---------+-------
